 Dungeon Crawl Stone Soup version 0.30-a0-570-g486de37d69 (webtiles) character file.

Game seed: 17364737141803894360

123 HoaS the Shooter (level 5, -4/30 HPs)
             Began as a Tengu Hunter on Dec 29, 2022.
             Killed from afar by an orc wizard (9 damage)
             ... with a puff of flame
             ... on level 3 of the Dungeon.
             The game lasted 00:04:05 (1698 turns).

HoaS the Shooter (Tengu Hunter)                     Turns: 1698, Time: 00:04:05

Health: -4/30      AC:  4    Str: 12    XL:     5   Next: 7%
Magic:  6/6        EV: 14    Int: 15    God:
Gold:   125        SH:  0    Dex: 19    Spells: 4/4 levels left

rFire   . . .      SeeInvis .    a - +0 shortbow (flame)
rCold   + . .      Faith    .    (shield currently unavailable)
rNeg    . . .      Spirit   .    c - +1 leather armour
rPois   .          Reflect  .    (helmet restricted)
rElec   .          Harm     .    (no cloak)
rCorr   .          Rampage  .    (no gloves)
Will    .....                    (boots unavailable)
Stlth   ++                       (no amulet)
HPRegen 0.25/turn                h - +6 ring of intelligence
MPRegen 0.10/turn                g - ring of protection from cold

@: flying quickly and evasively, quick
A: beak, talons 3, nimble flight
a: no special abilities


You were on level 3 of the Dungeon.
You visited 1 branch of the dungeon, and saw 3 of its levels.

You collected 125 gold pieces.

Inventory:

Hand Weapons
 a - a +0 shortbow of flaming (weapon)
Armour
 c - a +1 leather armour (worn)
Jewellery
 g - a ring of protection from cold (right hand)
 h - a +6 ring of intelligence (left hand)
Scrolls
 b - 4 scrolls of immolation
 j - a scroll of poison
 k - a scroll of fear
Potions
 d - a potion of curing {unknown}
 e - a potion of heal wounds {unknown}
 f - a potion of attraction {unknown}
 i - 2 potions of mutation
 l - a potion of brilliance {unknown}


   Skills:
 - Level 2.0 Fighting
 + Level 6.8 Ranged Weapons
 - Level 2.1 Dodging
 - Level 1.0 Stealth


You had 4 spell levels left.
You didn't know any spells.
Your spell library contained the following spells:

 Spells                   Type           Power      Damage    Failure   Level
 Ensorcelled Hibernation  Hex/Ice        0%         N/A       45%         2
 Ozocubu's Armour         Ice            0%         N/A       71%         3
 Spider Form              Tmut/Pois      0%         N/A       71%         3
 Anguish                  Hex/Necr       0%         N/A       98%         4
 Fireball                 Conj/Fire      0%         3d3       100%        5
 Iskenderun's Battlesphe  Conj           0%         2d6       100%        5
 Metabolic Englaciation   Hex/Ice        0%         N/A       100%        5
 Conjure Ball Lightning   Conj/Air       0%         3x3d7     100%        6
 Simulacrum               Ice/Necr       0%         N/A       100%        6
 Orb of Destruction       Conj           0%         9d5       100%        7


Dungeon Overview and Level Annotations

Branches:
Dungeon (3/15)

Altars:


Innate Abilities, Weirdness & Mutations

You have a beak for a mouth.
You have claws for feet.
Your magical nature lets you fly swiftly and evasively.


Message History

Press: ? - help, Q - select action Shift-Dir - straight line, f/p - orc
Aim: an orc, wielding a +0 flail and wearing a +0 leather armour (65% to hit)
You shoot an arrow. The arrow hits the orc!
The arrow burns the orc.
You kill the orc!
Something hits you.
You hear some strange, mumbled words.
Something tries to affect you, but you resist.
Fire: a) +0 shortbow (flame)
Press: ? - help, Q - select action Shift-Dir - straight line, f - you Really target yourself? [Y]es or [N]o only, please.
Really target yourself?
Okay, then.
Unknown command.
Unknown command.
Okay, then.
Unknown command.
An orc wizard appears from thin air!
Reactivating autopickup.
The orc wizard gestures at you while chanting.
You resist with some effort. The orc wizard casts a spell at you.
The puff of flame misses you.
The orc wizard gestures at you while chanting.
The magic dart hits you.
The orc wizard gestures at you while chanting.
You are confused.
You bump into the rock wall.
You bump into the rock wall.
You bump into the rock wall.
You bump into the rock wall.
You feel less confused.
The orc wizard points at you and mumbles some strange words.
The magic dart hits you.
The orc wizard gestures at you while chanting.
The puff of flame hits you.
* * * LOW HITPOINT WARNING * * *
The orc wizard gestures at you while chanting.
The puff of flame hits you!
You die...

#.# #.# #.#
#.# #.#
#########.#
#.........#
#.#########
#@# #.# #.#
#.# #.# #o#
#.# #.# #.#


You could see an orc wizard.

Vanquished Creatures
  Natasha (D:3)
  An orc wizard (D:3)
  A gnoll (D:2)
  An adder (D:2)
  A worm (D:2)
  2 orcs (D:3)
  3 ball pythons
  4 bats
  2 endoplasms (D:2)
  2 giant cockroaches (D:2)
  5 goblins
  5 hobgoblins
  6 jackals
  A quokka (D:1)
  3 frilled lizards
  5 kobolds
  4 rats
47 creatures vanquished.

Notes
Turn   | Place    | Note
-------+----------+-------------------------------------------
     0 | D:1      | HoaS the Tengu Hunter began the quest for the Orb.
     0 | D:1      | Reached XP level 1. HP: 12/12 MP: 2/2
   101 | D:1      | Reached XP level 2. HP: 17/17 MP: 3/3
   154 | D:1      | Reached skill level 5 in Ranged Weapons
   590 | D:2      | Reached XP level 3. HP: 21/21 MP: 4/4
  1078 | D:2      | Reached skill level 6 in Ranged Weapons
  1078 | D:2      | Reached XP level 4. HP: 18/26 MP: 5/5
  1490 | D:3      | Noticed Natasha
  1499 | D:3      | Killed Natasha
  1658 | D:3      | Gained mutation: Your magical nature lets you fly swiftly
                  | and evasively. [Tengu growth]
  1658 | D:3      | Reached XP level 5. HP: 30/30 MP: 6/6
  1698 | D:3      | Killed from afar by an orc wizard

Illustrated notes

Levels and vault maps discovered:
D:1:      evilmike_arrival_plus, layout_basic
D:2:      layout_loops_ring, nrook_loot_triangle, cheibrodos_gnoll_hut
D:3:      layout_loops_ring, uniq_natasha

Skill      XL: |  1  2  3 |
---------------+----------+-----
Ranged Weapons | 5 6 |  6.8
Fighting       | |  2.0
Dodging        | |  2.1
Stealth        | |  1.0

Action                   |  1- 3 |  4- 6 || total
-------------------------+-------+-------++-------
 Fire: Shortbow          |    75 |    36 ||   111
  Use: Scroll            |     2 |     4 ||     6
Armor: Leather armour    |     7 |     6 ||    13
Dodge: Dodged            |    20 |     8 ||    28

Table legend: (Time is in decaauts)
 A = Elapsed time spent in this place.
 B = Non-inter-level travel time spent in this place.
 C = Inter-level travel time spent in this place.
 D = Time resting spent in this place.
 E = Time spent auto-exploring this place.
 F = Levels seen in this place.
 G = Mean time per level.
                   A        B        C        D        E       F      G
               +--------+--------+--------+--------+--------+-----+--------+
         Total |   1730 |   1668 |     62 |    229 |   1150 |   3 |  576.7 |
       Dungeon |   1730 |   1668 |     62 |    229 |   1150 |   3 |  576.7 |
               +--------+--------+--------+--------+--------+-----+--------+

Top non-repeatable levels by time:
     D:2: 731 daAuts
     D:1: 541 daAuts
     D:3: 458 daAuts
